 Dungeon Crawl Stone Soup version 0.23-a0-667-gc184e93 (console) character file.

921 Duffy the Conjurer (level 7, -11/46 HPs)
             Began as a Demonspawn Fire Elementalist on Jan 8, 2019.
             Killed from afar by a gargoyle (15 damage)
             ... with a stone arrow
             ... on level 6 of the Dungeon.
             The game lasted 00:08:44 (7974 turns).

Duffy the Conjurer (Demonspawn Fire Elementalist)   Turns: 7974, Time: 00:08:44

Health: -11/46     AC:  9    Str:  9    XL:     7   Next: 84%
Magic:  3/14       EV: 12    Int: 18    God:
Gold:   294        SH:  0    Dex: 13    Spells: 7/15 levels left

rFire    . . .     SeeInvis .   (no weapon)
rCold    + . .     Gourm    .   (no shield)
rNeg     . . .     Faith    .   a - +0 robe
rPois    .         Spirit   .   x - +0 helmet
rElec    .         Reflect  .   (no cloak)
rCorr    .         Harm     .   (no gloves)
MR       .....                  (no boots)
Stlth    +++.......             (no amulet)
HPRegen  0.15/turn              e - ring of protection from cold
MPRegen  0.14/turn              y - +4 ring of protection

@: very slightly contaminated
A: talons 1, icy blue scales 1, nightstalker 1
a: no special abilities


You were on level 6 of the Dungeon.
You were hungry.

You visited 1 branch of the dungeon, and saw 6 of its levels.

You collected 294 gold pieces.

Inventory:

Armour
 a - a +0 robe (worn)
 x - a +0 helmet (worn)
Jewellery
 e - a ring of protection from cold (left hand)
 y - a +4 ring of protection (right hand)
Wands
 q - a wand of paralysis (4)
Scrolls
 b - a scroll of noise {unknown}
 f - 9 scrolls of remove curse
 g - a scroll of fog {unknown}
 j - 2 scrolls of amnesia {unknown}
 k - 2 scrolls of blinking {unknown}
 l - 3 scrolls of teleportation {unknown}
 o - 5 scrolls of identify {unknown}
 s - a scroll of magic mapping {unknown}
 t - 3 scrolls of fear {unknown}
 u - a scroll of random uselessness {unknown}
 w - a scroll of enchant weapon {unknown}
 z - a scroll of enchant armour {unknown}
 C - a scroll of holy word {unknown}
Potions
 d - 4 potions of might {unknown}
 h - a potion of mutation {unknown}
 i - 3 potions of heal wounds {unknown}
 m - 3 potions of agility {unknown}
 n - a potion of magic {unknown}
 p - 5 potions of curing
 r - a potion of haste {unknown}
 v - 2 potions of resistance {unknown}
 A - a potion of cancellation
Comestibles
 c - 9 rations


   Skills:
 - Level 1.7 Dodging
 - Level 1.7 Stealth
 + Level 4.9 Spellcasting
 + Level 5.4 Conjurations
 + Level 5.3 Fire Magic


You had 7 spell levels left.
You knew the following spells:

 Your Spells              Type           Power        Failure   Level  Hunger
h - Flame Tongue          Conj/Fire      ###..        1%          1    None
j - Sticky Flame          Conj/Fire      ###.....     14%         4    ####...
l - Conjure Flame         Conj/Fire      ###.....     4%          3    ###....

Your spell library contained the following spells:

 Spells                   Type           Power        Failure   Level  Hunger
 Throw Flame              Conj/Fire      ###...       2%          2    #......
 Inner Flame              Hex/Fire       ##......     14%         3    ###....
 Fireball                 Conj/Fire      ###.......   38%         5    ######.


Dungeon Overview and Level Annotations

Branches:
Dungeon (6/15)
 Temple: D:4-7

Altars:
Dithmenos
Makhleb
Qazlal
Wu Jian

Shops:
D:4 :(


Innate Abilities, Weirdness & Mutations

You have sharp toenails.
You are partially covered in icy blue scales. (AC +2)
You are slightly more attuned to the shadows.


Message History

The gargoyle hurls a stone arrow at you.
The stone arrow hits you!
You hit the gargoyle but do no damage.
You claw the gargoyle, but do no damage.
The gargoyle is lightly damaged.
The gargoyle burns!
The gargoyle completely misses you.
Unknown command.
The gargoyle burns!
The gargoyle burns!
The gargoyle stops burning.
Casting: Sticky Flame (safe; 14% risk of failure)
Confirm with . or Enter, or press ? or * to list all spells.
Aiming: Sticky Flame (safe; 14% risk of failure)
Press: ? - help, Shift-Dir - straight line, f/p - gargoyle
Aim: a gargoyle, wielding a +0 mace (heavily damaged)
You miscast Sticky Flame.
Heat runs through your body. The gargoyle hits you with a +0 mace!!
Okay, then.
The gargoyle hurls a stone arrow at you.
The stone arrow hits you!
You die...

### ############ ######.##
#..........#
.......###.########## ..
######.....##.# #.#
..............####### #.#
######.....#......... ..#
#.........##.#.###### #.#
#.#.#####..###.#.#### ..#
#.#.## #....@.#....######
..# #....##
#..9#######....... ..#
#.###.###......#....#.####
..# #.# #..##..###.#.##.#
# ..# #.###..##.. #<#.##.#
..# #....#.##.. #...##.#
..# #.#.##.##a.9....###.#
..###.#.##.##.#.8.8.. #.#
..##.#...#.# ...._.... ..


You could see a gargoyle.

Vanquished Creatures
  A centaur (D:5)
  3 ogres
  A bullfrog (D:6)
  2 scorpions
  2 howler monkeys
  2 hounds
  A centaur skeleton (D:4)
  2 orc wizards
  A worker ant (D:4)
  7 adders
  An ooze (D:5)
  3 worms
  A dart slug (D:3)
  5 leopard geckos
  20 orcs
  18 bats
  A giant cockroach (D:3)
  10 goblins
  6 hobgoblins
  2 jackals (D:1)
  6 kobolds
  7 quokkas
  4 frilled lizards
  11 rats
117 creatures vanquished.

Notes
Turn   | Place    | Note
-------+----------+-------------------------------------------
     0 | D:1      | Duffy the Demonspawn Fire Elementalist began the quest for
                  | the Orb.
     0 | D:1      | Reached XP level 1. HP: 13/13 MP: 3/3
   242 | D:1      | Gained mutation: You are slightly more attuned to the
                  | shadows. [demonic ancestry]
   242 | D:1      | Reached XP level 2. HP: 18/19 MP: 1/5
   852 | D:1      | Gained mutation: You have sharp toenails. [demonic
                  | ancestry]
   852 | D:1      | Reached XP level 3. HP: 24/24 MP: 2/6
   912 | D:1      | Learned a level 3 spell: Conjure Flame
  2083 | D:2      | Reached XP level 4. HP: 20/30 MP: 2/7
  2225 | D:2      | Learned a level 4 spell: Sticky Flame
  2993 | D:3      | You fall through a shaft!
  3308 | D:3      | Reached XP level 5. HP: 35/35 MP: 4/9
  3872 | D:4      | Noticed an ogre
  4105 | D:5      | Entered Level 5 of the Dungeon
  4232 | D:4      | Found Mostig's Weapon Shop.
  4779 | D:4      | Killed an ogre
  4779 | D:4      | Reached XP level 6. HP: 41/41 MP: 4/11
  4960 | D:4      | Found a burning altar of Makhleb.
  4978 | D:4      | Found Sagol's Book Boutique.
  6184 | D:5      | Gained mutation: You are partially covered in icy blue
                  | scales. (AC +2) [demonic ancestry]
  6184 | D:5      | Reached XP level 7. HP: 46/46 MP: 9/13
  6344 | D:5      | Found a shadowy altar of Dithmenos.
  6421 | D:5      | Reached skill level 5 in Conjurations
  6596 | D:5      | Found a stormy altar of Qazlal.
  6702 | D:5      | Reached skill level 5 in Fire Magic
  7513 | D:6      | Found an ornate altar of the Wu Jian Council.
  7513 | D:6      | Noticed a gargoyle
  7974 | D:6      | Killed from afar by a gargoyle

Vault maps used:
D:1:      dpeg_arrival_three_same_balls
D:2:      minmay_inner_zag, first_ration, minmay_pentomino_o2
D:4:      makhleb_heckhound_becter, serial_shops, shop, kennysheep_small_square
D:5:      nicolae_dithmenos_the_darkroom, grunt_qazlal_sundering,
          nrook_loot_triangle, grunt_ministairs_13
D:6:      kennysheep_mini, hangedman_feature_mirror

Skill      XL: |  1  2  3  4  5  6  7 |
---------------+----------------------+-----
Conjurations   | 2 3 4 5 |  5.4
Fire Magic     | 3 4 5 |  5.3
Spellcasting   | 3 4 |  4.9
Dodging        | |  1.7
Stealth        | |  1.7

Action                   |  1- 3 |  4- 6 |  7- 9 || total
-------------------------+-------+-------+-------++-------
Melee: Unarmed           |       |       |     1 ||     1
       Kick              |       |       |     1 ||     1
 Cast: Flame Tongue      |    83 |   125 |    40 ||   248
       Conjure Flame     |       |     1 |     1 ||     2
       Sticky Flame      |       |     6 |     5 ||    11
Evoke: Wand              |       |       |     4 ||     4
  Use: Potion            |     2 |     1 |       ||     3
       Scroll            |       |     1 |       ||     1
  Eat: Chunk             |     4 |    14 |     3 ||    21
       Ration            |       |       |     1 ||     1
Armor: Robe              |     6 |    13 |       ||    19
Dodge: Dodged            |    15 |    54 |    13 ||    82

Table legend:
 A = Non-vault XP
 B = Vault XP
 C = Vault XP percentage of total XP
 D = Non-vault monster count
 E = Vault monster count
 F = Vault count percentage of total count
                 A         B        C        D         E       F
            +---------+---------+-------+---------+---------+-------
      Total |    1259 |      57 |   4.3 |     110 |       7 |   6.0
            +---------+---------+-------+---------+---------+-------
        D:1 |      47 |       0 |   0.0 |      29 |       0 |   0.0
        D:2 |      64 |      14 |  17.9 |      20 |       5 |  20.0
        D:3 |     234 |       0 |   0.0 |      29 |       0 |   0.0
        D:4 |     319 |      40 |  11.1 |      18 |       1 |   5.3
        D:5 |     488 |       3 |   0.6 |      12 |       1 |   7.7
        D:6 |     107 |       0 |   0.0 |       2 |       0 |   0.0
            +---------+---------+-------+---------+---------+-------
